 Dungeon Crawl Stone Soup version 0.22-a0-348-gd16d139 (webtiles) character file.

18 vishdafish the Charmwright (level 2, 15/22 HPs)
             Began as a Demonspawn Skald on Apr 11, 2018.
             Quit the game on level 1 of the Dungeon.
             The game lasted 00:00:23 (267 turns).

vishdafish the Charmwright (Demonspawn Skald)        Turns: 267, Time: 00:00:23

Health: 15/22      AC:  3    Str: 11    XL:     2   Next: 48%
Magic:  5/5        EV: 12    Int: 14    God:
Gold:   27         SH:  0    Dex: 12    Spells: 4/5 levels left

rFire    . . .     SeeInvis .   a - +0 falchion
rCold    . . .     Gourm    .   (no shield)
rNeg     . . .     Faith    .   b - +0 leather armour
rPois    .         Spirit   .   (no helmet)
rElec    .         Reflect  .   (no cloak)
rCorr    .         Harm     .   (no gloves)
MR       .....                  (no boots)
Stlth    ++........             (no amulet)
HPRegen  0.07/turn              (no ring)
MPRegen  0.09/turn              (no ring)

@: no status effects
A: nightstalker 1
a: no special abilities


You were on level 1 of the Dungeon.
You were not hungry.

You visited 1 branch of the dungeon, and saw 1 of its levels.

You collected 27 gold pieces.

Inventory:

Hand Weapons
 a - a +0 falchion (weapon)
Armour
 b - a +0 leather armour (worn)
Comestibles
 d - 2 rations


   Skills:
 + Level 2.1 Fighting
 + Level 2.1 Long Blades
 + Level 0.9 Armour
 + Level 1.9 Dodging
 + Level 2.0 Spellcasting
 + Level 3.0 Charms


You had 4 spell levels left.
You knew the following spells:

 Your Spells              Type           Power        Failure   Level  Hunger
a - Infusion              Chrm           ##..         9%          1    ##.....


Dungeon Overview and Level Annotations

Branches:
Dungeon (1/15)

Altars:


Innate Abilities, Weirdness & Mutations

You are slightly more attuned to the shadows.


Message History

The kobold is severely wounded.
The kobold hits you with a short sword.
You hit the kobold.
You kill the kobold!
No target in view!
No target in view!
No target in view!
No target in view!
No target in view!
No target in view!
No target in view!
No target in view!
No target in view!
Things that are here:
a short sword; a kobold corpse
Found a spear.
You now have 27 gold pieces (gained 13).
A kobold comes into view. It is wielding a short sword.
The kobold moves out of view.
Are you sure you want to abandon this character and quit the game? (Confirm with "yes".)

.# #.......##.######......).# ...
.# #.########.#....#........#####
.# #.# #....#.##.#.............
.# #.# #....#....#.............
.# #.# #....#....#.............
.# #.# ####.#....#.#######.....
.# #.. #.####.#.# #..... .# ###
#.##...#.# #..... .# #.##@#.#.#
####..... .########## #.##.###.#
#.......> .##......##.#........#
#....##.. .##......##.####.#...#
#.)..##..
.##......##.#....#...####....##..
..'.......#..........'.......+.(.
###..................####....##..
#................### #######..
#..........).......... #..


There were no monsters in sight!

Vanquished Creatures
  A dart slug (D:1)
  A leopard gecko (D:1)
  A ball python (D:1)
  3 bats (D:1)
  4 goblins (D:1)
  A hobgoblin (D:1)
  A kobold (D:1)
  A rat (D:1)
13 creatures vanquished.

Notes
Turn   | Place    | Note
-------+----------+-------------------------------------------
     0 | D:1      | vishdafish the Demonspawn Skald began the quest for the Orb.
     0 | D:1      | Reached XP level 1. HP: 16/16 MP: 3/3
    67 | D:1      | Reached skill level 3 in Charms
   146 | D:1      | Gained mutation: You are slightly more attuned to the shadows. [demonic ancestry]
   146 | D:1      | Reached XP level 2. HP: 17/22 MP: 5/5
   267 | D:1      | Quit the game

Vault maps used:
D:1:      mushboom_english_gardens

Skill      XL: |  1 |
---------------+----+-----
Charms         | 3 |  3.0
Long Blades    | 2 |  2.1
Fighting       | |  2.1
Armour         | |  0.9
Dodging        | |  1.9
Spellcasting   | |  2.0

Action                   || total
-------------------------++-------
Melee: Falchion          ||    34
 Cast: Infusion          ||     1
Armor: Leather armour    ||    10
Dodge: Dodged            ||    28
       Rpst.: Falchion   ||     9

Table legend:
 A = Spawn XP
 B = Non-spawn XP
 C = Spawn XP percentage of total XP
 D = Spawn monster count
 E = Non-spawn monster count
 F = Spawn count percentage of total count
 G = Total turns spent on level
                    A         B        C        D         E        F      G
               +---------+---------+-------+---------+---------+-------+---------
         Total |       0 |      26 |   0.0 |       0 |      13 |   0.0 |   267
               +---------+---------+-------+---------+---------+-------+---------
           D:1 |       0 |      26 |   0.0 |       0 |      13 |   0.0 |   267
               +---------+---------+-------+---------+---------+-------+---------
